 Dungeon Crawl Stone Soup version 0.31-a0-364-gb59cdcccf2 (webtiles) character file.

Game seed: 8808435700273311273

161 Dirtsage the Ruffian (level 5, -1/33 HPs)
             Began as an Octopode Shapeshifter on July 27, 2023.
             Slain by an orc wizard
             ... wielding a +0 dagger
              (2 damage)
             ... on level 3 of the Dungeon.
             The game lasted 00:03:44 (2721 turns).

Dirtsage the Ruffian (Octopode Shapeshifter)        Turns: 2721, Time: 00:03:44

Health: -1/33      AC:  1    Str: 20    XL:     5   Next: 42%
Magic:  5/5        EV: 13    Int: 13    God:
Gold:   185        SH:  0    Dex: 18    Spells: 4/4 levels left

rFire   . .          .
                       - Unarmed
rCold   . . .        (no shield)
rNeg    . . .        (helmet currently unavailable)
rPois   .            (no amulet)
rElec   .            e - +6 ring of dexterity
rCorr   .            j - +6 ring of strength
SInv    .            (no ring)
Will    .....        (no ring)
Stlth   +++          (no ring)
HPRegen 0.25/turn    (no ring)
MPRegen 0.09/turn    (no ring)
                     (no ring)

%: no passive effects
@: beast-form
A: beast (slay +2), almost no armour, amphibious, 8 rings, camouflage 1,
gelatinous body 1, (nimble swimmer 1), tentacles
a: Begin Untransformation


You were on level 3 of the Dungeon.
You were a hulking beast.
You visited 1 branch of the dungeon, and saw 4 of its levels.

You collected 185 gold pieces.

Inventory:

Jewellery
 e - a +6 ring of dexterity (left tentacle)
 g - a ring of fire
 j - a +6 ring of strength (right tentacle)
Talismans
 b - a beast talisman
 k - a serpent talisman
Wands
 q - a wand of flame (22)
Scrolls
 f - 2 scrolls of teleportation {unknown}
 h - a scroll of noise {unknown}
 i - a scroll of blinking {unknown}
 l - a scroll of fear {unknown}
 m - a scroll of immolation {unknown}
 o - a scroll of identify {unknown}
Potions
 a - 2 potions of lignification
 c - a potion of might {unknown}
 d - a potion of curing {unknown}
 n - a potion of haste {unknown}


   Skills:
 - Level 1.0 Fighting
 - Level 2.0 Dodging
 + Level 4.7 Unarmed Combat
 + Level 4.2 Shapeshifting


You had 4 spell levels left.
You didn't know any spells.
Your spell library contained the following spells:

 Spells                   Type           Power      Damage    Failure   Level
 Ensorcelled Hibernation  Hex/Ice        0%         N/A       43%         2
 Call Canine Familiar     Summ           0%         N/A       67%         3
 Portal Projectile        Hex/Tloc       0%         N/A       67%         3
 Anguish                  Hex/Necr       0%         N/A       97%         4
 Leda's Liquefaction      Hex/Erth       0%         N/A       97%         4


Dungeon Overview and Level Annotations

Branches:
Dungeon (4/15)
 Temple: D:4-7

Altars:
Ashenzari
Qazlal
Vehumet


Innate Abilities, Weirdness & Mutations

You are a hulking beast.
Your limbs bulge with bestial killing power. (Slay +2)
You cannot wear most types of armour.
You are amphibious.
You can wear up to eight rings at the same time.
Your skin changes colour to match your surroundings (Stealth+).
Your rubbery body absorbs attacks. (AC +1, EV +1)
((You are camouflaged when in or above water. (Stealth+)))
You have tentacles for arms and can constrict up to eight enemies at once.


Message History

You hear a shout!
No target in view!
No target in view!
No target in view!
You barely miss something. Something hits you.
An orc wizard comes into view. It is wielding a +0 dagger.
You take 2 damage, and have 31/33 hp.
The orc wizard shouts!
You tentacle-slap something. Your squeeze misses something.
You hear a bark!
Something hits you.
The orc wizard points at you and mumbles some strange words.
The puff of flame hits you!
You take 11 damage, and have 20/33 hp.
MASSIVE DAMAGE!!
You miss something.
An orc and a hound come into view.
The orc hits you with a +0 dagger. Something hits you.
You take 7 damage, and have 13/33 hp.
MASSIVE DAMAGE!!
Something hits you.
You take 3 damage, and have 10/33 hp.
Something hits you.
* * * LOW HITPOINT WARNING * * *
You take 1 damage, and have 9/33 hp.
The orc wizard attacks as you move away!
The orc wizard hits you with a +0 dagger.
* * * LOW HITPOINT WARNING * * *
Something hits you.
* * * LOW HITPOINT WARNING * * *
You take 6 damage, and have 3/33 hp.
The orc wizard points at you and mumbles some strange words.
The magic dart hits something!
There is a stone staircase leading up here.
Something hits you.
* * * LOW HITPOINT WARNING * * *
You climb upwards.
Reactivating autopickup.
There is a stone staircase leading down here.
You take 2 damage, and have 1/33 hp.
You start resting.
Something hits you.
You die...

#......#.#.###.##
# #.....##..##
##.####
##<..###.##
##.... ##.##
##.## ##<#.## #.#
##.###...... #.#
##.#..≈._.≈ #.#
##...#...... #.#
###.....#..###
#h# #...........#
#.# #.#.....#.#.#
#.# #.##...##.#.#
#.# #.###.###.#.#
#.# #.# #.......#
#.# #.# #####...#
#.# #.# #...# #.#
#.# ##...#
#.###.######.#..#


There were no monsters in sight!

Vanquished Creatures
  Jessica (D:2)
  An iguana (D:4)
  An orc wizard (D:4)
  2 adders
  4 worms
  A dart slug (D:2)
  4 orcs
  3 bats
  2 endoplasms
  A giant cockroach (D:1)
  5 goblins
  7 hobgoblins
  A quokka (D:4)
  5 ball pythons
  2 frilled lizards
  7 kobolds
  8 rats
55 creatures vanquished.

Notes
Turn   | Place    | Note
-------+----------+-------------------------------------------
     0 | D:1      | Dirtsage the Octopode Shapeshifter began the quest for the
                  | Orb.
     0 | D:1      | Reached XP level 1. HP: 13/13 MP: 1/1
   190 | D:1      | Reached XP level 2. HP: 10/18 MP: 2/2
  1019 | D:2      | Reached XP level 3. HP: 19/23 MP: 3/3
  1398 | D:2      | Noticed Jessica
  1411 | D:2      | Killed Jessica
  1678 | D:3      | Reached XP level 4. HP: 28/28 MP: 4/4
  1861 | D:3      | Found a stormy altar of Qazlal.
  1867 | D:3      | Identified the +0 robe of Parlour Games {Slay+3 SInv
                  | Stlth+}
  2055 | D:3      | Found a broken altar of Ashenzari.
  2341 | D:4      | HP: 1/27 [something (4)]
  2344 | D:4      | Reached XP level 5. HP: 2/33 MP: 5/5
  2656 | D:4      | Found a radiant altar of Vehumet.
  2719 | D:4      | HP: 1/33 [something (3)]
  2721 | D:3      | Slain by an orc wizard

Illustrated notes

Levels and vault maps discovered:
D:1:      dpeg_arrival_simpleton_b, layout_basic
D:2:      layout_basic, uniq_jessica
D:3:      layout_loops_ring, amcnicky_altar_gilded,
          mainiacjoe_overflow_tiny_flanked
D:4:      minmay_opposing_rooms, layout_basic, nicolae_elyvilon_peaceful_grove,
          vehumet_altar_wand_db, chequers_serial_rivers_micro_d, minmay_cut_off

Skill      XL: |  1  2  3  4 |
---------------+-------------+-----
Unarmed Combat | 4 |  4.7
Shapeshifting  | 4 |  4.2
Fighting       | |  1.0
Dodging        | |  2.0

Action                     |  1- 3 |  4- 6 || total
---------------------------+-------+-------++-------
  Melee: Unarmed           |    46 |    52 ||    98
         Constrict         |    15 |    15 ||    30
         Tentacles         |     8 |    12 ||    20
         Punch             |       |     1 ||     1
   Stab: Sleeping          |     4 |     3 ||     7
 Armour: Skin              |     3 |     1 ||     4
  Dodge: Dodged            |    17 |    25 ||    42

Table legend: (Time is in decaauts)
 A = Elapsed time spent in this place.
 B = Non-inter-level travel time spent in this place.
 C = Inter-level travel time spent in this place.
 D = Time resting spent in this place.
 E = Time spent auto-exploring this place.
 F = Levels seen in this place.
 G = Mean time per level.
                   A        B        C        D        E       F      G
               +--------+--------+--------+--------+--------+-----+--------+
         Total |   2712 |   2635 |     77 |    105 |   2182 |   4 |  678.0 |
       Dungeon |   2712 |   2635 |     77 |    105 |   2182 |   4 |  678.0 |
               +--------+--------+--------+--------+--------+-----+--------+

Top non-repeatable levels by time:
     D:1: 840 daAuts
     D:2: 780 daAuts
     D:3: 681 daAuts
     D:4: 410 daAuts
